 Dungeon Crawl Stone Soup version 0.21.1-1-g345015fe64 (webtiles) character file.

140 Kohma the Shield-Bearer (level 5, 0/33 HPs)
             Began as a Gargoyle Fighter on June 20, 2018.
             Slain by Maleval's ghost (10 damage)
             ... on level 3 of the Dungeon.
             The game lasted 00:04:43 (1947 turns).

Kohma the Shield-Bearer (Gargoyle Fighter)          Turns: 1947, Time: 00:04:44

Health: 0/33       AC: 11    Str: 20    XL:     5   Next: 22%
Magic:  5/5        EV:  7    Int:  9    God:
Gold:   50         SH:  9    Dex:  9    Spells: 4/4 levels left

rFire    . . .     SeeInvis .   p - +1 mace (drain)
rCold    . . .     Gourm    .   c - +0 shield
rNeg     + . .     Faith    .   b - +0 scale mail
rPois    ∞         Spirit   .   (no helmet)
rElec    +         Reflect  .   (no cloak)
rCorr    .         Harm     .   (no gloves)
MR       .....                  (no boots)
Stlth    ..........             (no amulet)
HPRegen  0.11/turn              (no ring)
MPRegen  0.09/turn              (no ring)

@: no status effects
A: negative energy resistance 1, electricity resistance, unbreathing,
petrification resistance, rot immunity, AC +4
a: no special abilities


You were on level 3 of the Dungeon.
You were not hungry.

You visited 1 branch of the dungeon, and saw 3 of its levels.

You collected 50 gold pieces.

Inventory:

Hand Weapons
 a - a +0 flail
 p - a +1 mace of draining (weapon)
Armour
 b - a +0 scale mail (worn)
 c - a +0 shield (worn)
Scrolls
 e - 4 scrolls of remove curse {unknown}
 h - 2 scrolls of fog {unknown}
 j - 3 scrolls of identify {unknown}
 k - a scroll of random uselessness {unknown}
 m - a scroll of teleportation {unknown}
 n - a scroll of immolation {unknown}
Potions
 d - a potion of might
 i - a potion of mutation {unknown}
 l - 2 potions of curing {unknown}
 o - a potion of flight {unknown}
Comestibles
 f - 3 rations


   Skills:
 + Level 4.2 Fighting
 + Level 3.0 Maces & Flails
 + Level 4.2 Armour
 + Level 4.2 Shields


You had 4 spell levels left.
You didn't know any spells.

Dungeon Overview and Level Annotations

Branches:
Dungeon (3/15)

Altars:

Annotations:
D:2 Robin
D:3 Maleval's ghost, amateur DsFi


Innate Abilities, Weirdness & Mutations

You are resistant to torment.
Your stone body is resilient. (AC +4)
You are immune to poison.
You resist negative energy. (rN+)
You are resistant to electric shocks. (rElec)
You can survive without breathing.
You are immune to petrification.
You are immune to rotting.


Message History

There is a stone staircase leading up here.
You closely miss Maleval's ghost. You block Maleval's ghost's attack.
You hit Maleval's ghost but do no damage.
You block Maleval's ghost's attack. x2
Your shield and scale mail prevent you from hitting Maleval's ghost.
Maleval's ghost closely misses you.
You closely miss Maleval's ghost. Maleval's ghost hits you!
You barely miss Maleval's ghost.
Maleval's ghost hits you but does no damage.
You block Maleval's ghost's attack.
You hit Maleval's ghost.
Maleval's ghost is lightly damaged.
Maleval's ghost hits you.
You completely miss Maleval's ghost.
Maleval's ghost is lightly damaged.
Maleval's ghost hits you but does no damage.
You hit Maleval's ghost but do no damage.
Maleval's ghost is lightly damaged.
Maleval's ghost hits you. Maleval's ghost hits you!
You die...

. #.###
..####...#
......$# ..
..#...#
..!.#.#..## #
#._.#..###.####
#.#..........#
#...W@##..
.............#
.####.##..#..#
#. #..#(..# #.
#<.. .... #.
##.......# #.
#.#..##.#
...... .#


You could see Maleval's ghost.

Vanquished Creatures
  Jessica (D:2)
  Terence (D:2)
  3 adders (D:2)
  2 oozes
  3 worms (D:2)
  A dart slug (D:1)
  3 giant cockroaches (D:2)
  4 hobgoblins
  4 jackals (D:1)
  3 kobolds
  3 bats
  7 frilled lizards
  9 goblins
  4 rats
  A plant (D:2)
49 creatures vanquished.

Notes
Turn   | Place    | Note
-------+----------+-------------------------------------------
     0 | D:1      | Kohma the Gargoyle Fighter began the quest for the Orb.
     0 | D:1      | Reached XP level 1. HP: 14/14 MP: 1/1
    88 | D:1      | Reached XP level 2. HP: 18/19 MP: 2/2
   721 | D:2      | Reached XP level 3. HP: 23/23 MP: 3/3
   807 | D:2      | Noticed Jessica
   815 | D:2      | Killed Jessica
   868 | D:2      | Reached XP level 4. HP: 29/29 MP: 4/4
  1018 | D:2      | Noticed Robin
  1573 | D:2      | Noticed Terence
  1585 | D:2      | Killed Terence
  1585 | D:2      | Reached XP level 5. HP: 25/33 MP: 5/5
  1932 | D:3      | Found a faded altar of an unknown god.
  1933 | D:3      | Noticed Maleval's ghost (amateur DsFi)
  1947 | D:3      | Slain by Maleval's ghost

Skill      XL: |  1  2  3  4 |
---------------+-------------+-----
Fighting       | 4 |  4.2
Shields        | 4 |  4.2
Armour         | 4 |  4.2
Maces & Flails | 3 |  3.0

Action                   |  1- 3 |  4- 6 || total
-------------------------+-------+-------++-------
Melee: Flail             |    94 |    88 ||   182
       Mace              |       |    48 ||    48
  Eat: Chunk             |       |     4 ||     4
Armor: Scale mail        |    47 |    74 ||   121
Dodge: Dodged            |    31 |    37 ||    68
Block: Shield            |    52 |    67 ||   119
